 Dungeon Crawl Stone Soup version 0.17.0 (webtiles) character file.

8287 st0uf the Arsonist (level 11, -12/92 HPs)
             Began as a Green Draconian Fire Elementalist on Nov 6, 2015.
             Was a High Priest of Cheibriados.
             Engulfed by a cloud of freezing vapour (38 damage)
             ... in an ice cave.
             The game lasted 01:27:39 (10312 turns).

st0uf the Arsonist (DrFE)                          Turns: 10312, Time: 01:27:39

Health: -12/92     AC: 15    Str: 23    XL:     11   Next: 7%
Magic:  3/27       EV: 21    Int: 30    God:    Cheibriados [*****.]
Gold:   482        SH:  8    Dex: 24    Spells: 5 memorised, 4 levels left

rFire  . . .     SeeInvis .     z - +2 flail (crush)
rCold  . . .     Clarity  .     (armour unavailable)
rNeg   . . .     SustAt   .     y - +2 buckler {AC+3}
rPois  +         Gourm    .     r - +2 hat
rElec  .         Spirit   .     k - +0 cloak
rCorr  .         Warding  .     e - +0 pair of gloves
rMut   .         Stasis   .     q - +0 pair of boots
MR     .....                    (no amulet)
Stlth  ++........               f - ring of wizardry
                                v - ring of magical power (curse)

@: very slightly contaminated, slowed, very slow, not resistant to hostile
enchantments, unstealthy
A: breathe noxious fumes, unfitting armour, poison resistance, cold-blooded, AC
+7
a: Breathe Noxious Fumes, Bend Time, Temporal Distortion, Slouch, Step From
Time, Renounce Religion


You were in an ice cave.
You worshipped Cheibriados.
Cheibriados was extremely pleased with you.
You were very hungry.

You visited 3 branches of the dungeon, and saw 10 of its levels.
You also visited: Ice Cave.

You collected 482 gold pieces.

Inventory:

Hand Weapons
 x - a +2 scimitar of flaming
 z - a +2 flail of crushing (weapon)
Missiles
 h - 34 poisoned needles
 n - 151 arrows
Armour
 e - a +0 pair of gloves (worn)
 k - a +0 cloak (worn)
 q - a +0 pair of boots (worn)
 r - a +2 hat (worn)
 y - a +2 buckler of protection (worn)
 B - a +1 buckler of positive energy
Jewellery
 f - a ring of wizardry (right hand)
 v - a cursed ring of magical power (left hand)
 O - an uncursed ring of poison resistance
Wands
 E - a wand of cold (9)
Scrolls
 c - 3 scrolls of random uselessness {unknown}
 d - 7 scrolls of remove curse {unknown}
 l - a scroll of magic mapping {unknown}
 m - 2 scrolls of identify
 o - 2 scrolls of fear {unknown}
 p - a scroll of enchant armour {unknown}
 s - 2 scrolls of blinking {unknown}
 A - a scroll of teleportation {unknown}
 F - a scroll of recharging {unknown}
 J - a scroll of noise {unknown}
Potions
 g - a potion of haste
 j - 4 potions of heal wounds
 t - 2 potions of lignification
 w - a potion of resistance
 C - 2 potions of poison
 D - a potion of ambrosia
 G - a potion of agility
 H - 2 potions of brilliance
 M - a potion of mutation
Books
 a - a book of Flames

   Spells                             Type                      Level
   a - Flame Tongue                   Conjuration/Fire             1
   b - Throw Flame                    Conjuration/Fire             2
   c - Conjure Flame                  Conjuration/Fire             3
   d - Inner Flame                    Hexes/Fire                   3
   e - Sticky Flame                   Conjuration/Fire             4
   f - Fireball                       Conjuration/Fire             5
 L - a Grand Grimoire

   Spells                             Type                      Level
   a - Monstrous Menagerie            Summoning                    6
   b - Summon Greater Demon           Summoning                    7
   c - Malign Gateway                 Summoning/Translocation      7
   d - Summon Horrible Things         Summoning                    8
Miscellaneous
 N - a lamp of fire
Comestibles
 b - 5 bread rations
 i - 6 meat rations
 u - 4 beef jerkies
 I - 4 slices of pizza
 K - a royal jelly


   Skills:
 + Level 7.3 Fighting
 + Level 8.2 Dodging
 - Level 1.7 Stealth
 - Level 5.0 Shields
 - Level 5.0 Spellcasting
 - Level 5.0 Conjurations
 + Level 9.3 Fire Magic
 + Level 4.5 Invocations


You had 4 spell levels left.
You knew the following spells:

 Your Spells              Type           Power        Failure   Level  Hunger
a - Flame Tongue          Conj/Fire      #####        1%          1    None
b - Conjure Flame         Conj/Fire      ######..     1%          3    None
c - Sticky Flame          Conj/Fire      ######..     1%          4    ###....
d - Inner Flame           Hex/Fire       #####...     1%          3    None
e - Fireball              Conj/Fire      ######....   4%          5    #####..


Dungeon Overview and Level Annotations

Branches:
Dungeon (8/15)             Temple (1/1) D:5            Lair (1/8) D:8

Altars:
Ashenzari
Cheibriados
Elyvilon
Gozag
Makhleb
Qazlal
Sif Muna
Vehumet
Xom
Zin
The Shining One

Shops:
D:4 %   D:8 *

Annotations:
D:4 Grinder


Innate Abilities, Weirdness & Mutations

You can breathe blasts of noxious fumes.
Your lurid green scales are hard (AC +7).
Your body does not fit into most forms of armour.
Your system is resistant to poisons.
You are cold-blooded and may be slowed by cold attacks.


Message History

Aim: an ice statue (almost destroyed)
You miscast Fireball.
You are very lightly contaminated with residual magic.
Nothing appears to happen.
You are engulfed in freezing vapours.
The ice statue throws cold at you. The freezing blast misses you.
Casting: Fireball
Confirm with . or Enter, or press ? or * to list all spells.
Aiming: Fireball
Press: ? - help, Shift-Dir - straight line, f/p - ice statue
Aim: an ice statue (almost destroyed)
The fireball explodes!
The fireball engulfs the ice statue.
The ice statue melts!
You destroy the ice statue!
Cheibriados appreciates the change of pace.
You are feeling very hungry.
You are engulfed in freezing vapours.
* * * LOW HITPOINT WARNING * * *
You are engulfed in freezing vapours.
You feel yourself slow down.
You die...

##### #############
....## ##.....#.....##
.....###......#......##
......#.......#.......#
......#.......#.§§§...#..
∩..∩............@§§§.....
......#.......#.§§§...#..
......#...../.#.......#
.....###......#......##
....## ##.....#.....##
##### #############


There were no monsters in sight!

Vanquished Creatures
  Erica (Lair:1)
  A death yak (D:8)
  Pikel (D:6)
  3 ice statues (IceCv)
  2 spiny frogs
  A blink frog (D:8)
  A human (D:8)
  2 yaks (D:8)
  Edmund (D:6)
  A water moccasin (Lair:1)
  A sky beast (D:6)
  2 black bears
  2 slaves (D:6)
  7 ice beasts
  A phantom (D:7)
  5 centaurs
  3 orc warriors (D:8)
  5 ogres
  4 giant frogs
  A gnoll sergeant (D:7)
  2 scorpions
  10 wights (D:6)
  A centaur zombie (D:8)
  A giant frog zombie (D:6)
  An iguana (D:4)
  2 crimson imps (D:6)
  3 orc priests
  4 jellies
  10 orc wizards
  2 centaur skeletons
  A hound (D:5)
  4 worker ants
  A killer bee zombie (D:6)
  5 sheep (D:8)
  9 adders
  4 gnolls (D:7)
  5 river rats
  2 shadow imps
  12 white imps (Lair:1)
  An ooze (D:6)
  An adder zombie (D:7)
  2 adder skeletons
  3 worms (D:3)
  6 giant geckos
  45 orcs
  A ball python (D:3)
  16 bats
  9 giant cockroaches
  6 goblins
  7 hobgoblins
  10 kobolds
  3 quokkas
  A giant gecko skeleton (D:5)
  9 giant newts
  16 jackals
  A quokka zombie (D:5)
  6 rats
  A butterfly (D:5)
268 creatures vanquished.

Notes
Turn   | Place    | Note
--------------------------------------------------------------
     0 | D:1      | st0uf the Draconian Fire Elementalist began the quest for the Orb.
     0 | D:1      | Reached XP level 1. HP: 14/14 MP: 3/3
    70 | D:1      | Found a shattered altar of Ashenzari.
   177 | D:1      | Reached XP level 2. HP: 2/20 MP: 0/5
  1086 | D:2      | Reached XP level 3. HP: 26/26 MP: 3/6
  1395 | D:2      | Found a stormy altar of Qazlal.
  1621 | D:2      | Found an opulent altar of Gozag.
  1972 | D:3      | Reached XP level 4. HP: 25/33 MP: 0/8
  2225 | D:3      | Learned a level 3 spell: Conjure Flame
  2599 | D:3      | Reached XP level 5. HP: 38/38 MP: 5/9
  2897 | D:3      | Found a glowing silver altar of Zin.
  3201 | D:3      | Reached skill level 4 in Fire Magic
  3508 | D:4      | Found a snail-covered altar of Cheibriados.
  3519 | D:4      | Became a worshipper of Cheibriados the Contemplative
  3530 | D:4      | Reached XP level 6. HP: 45/45 MP: 4/11
  3736 | D:4      | Found Darestam's Food Boutique.
  4183 | D:4      | Noticed Grinder
  4183 | D:4      | Paralysed by Grinder for 3 turns
  4246 | D:5      | Entered Level 5 of the Dungeon
  4459 | D:5      | Your scales start taking on a lurid green colour.
  4459 | D:5      | Gained mutation: Your system is resistant to poisons. [Green Draconian growth]
  4459 | D:5      | Reached XP level 7. HP: 32/50 MP: 6/12
  4605 | D:5      | Found a white marble altar of Elyvilon.
  4643 | D:5      | Reached * piety under Cheibriados
  4813 | D:5      | Found a staircase to the Ecumenical Temple.
  4829 | D:5      | Found a burning altar of Makhleb.
  4897 | Temple   | Entered the Ecumenical Temple
  4992 | D:5      | Reached skill level 5 in Fire Magic
  5661 | D:6      | Reached ** piety under Cheibriados
  5792 | D:6      | Noticed Edmund
  5811 | D:6      | Reached XP level 8. HP: 55/57 MP: 14/14
  5851 | D:6      | Killed Edmund
  6049 | D:6      | Reached skill level 5 in Dodging
  6049 | D:6      | Reached skill level 5 in Spellcasting
  6049 | D:6      | Reached skill level 5 in Conjurations
  6093 | D:6      | Reached skill level 6 in Fire Magic
  6112 | D:6      | Reached skill level 1 in Fighting
  6112 | D:6      | Reached skill level 1 in Invocations
  6476 | D:6      | Reached *** piety under Cheibriados
  6488 | D:6      | Reached XP level 9. HP: 68/68 MP: 7/16
  7091 | D:7      | Noticed Pikel
  7198 | D:6      | Killed Pikel
  7198 | D:6      | Reached skill level 7 in Fire Magic
  7267 | D:7      | Learned a level 4 spell: Sticky Flame
  7273 | D:7      | Learned a level 3 spell: Inner Flame
  7313 | D:7      | Found a deep blue altar of Sif Muna.
  7707 | D:7      | Reached **** piety under Cheibriados
  7850 | D:7      | Reached skill level 1 in Shields
  8017 | D:8      | Reached skill level 5 in Fighting
  8293 | D:8      | Reached skill level 8 in Fire Magic
  8320 | D:8      | Reached ***** piety under Cheibriados
  8401 | D:8      | Reached XP level 10. HP: 68/81 MP: 7/17
  8462 | D:8      | Noticed a death yak
  8480 | D:8      | Killed a death yak
  8803 | D:8      | Noticed a spiny frog
  8810 | D:8      | Killed a spiny frog
  8916 | D:8      | Found a staircase to the Lair.
  9030 | D:8      | Found Oshranacsae's Assorted Antiques.
  9112 | D:8      | Found a glowing golden altar of the Shining One.
  9324 | Lair:1   | Entered Level 1 of the Lair of Beasts
  9324 | Lair:1   | Noticed Erica
  9452 | Lair:1   | Killed Erica
  9488 | Lair:1   | Reached skill level 9 in Fire Magic
  9539 | Lair:1   | Found a frozen archway.
  9549 | IceCv    | Entered an ice cave
 10147 | IceCv    | Learned a level 5 spell: Fireball
 10274 | IceCv    | Reached skill level 5 in Shields
 10274 | IceCv    | Reached XP level 11. HP: 83/92 MP: 18/18
 10312 | IceCv    | Engulfed by a cloud of freezing vapour

Action                   |  1- 3 |  4- 6 |  7- 9 | 10-12 || total
-------------------------+-------+-------+-------+-------++-------
Melee: Unarmed           |    30 |    42 |    31 |       ||   103
       Halberd           |       |       |    13 |       ||    13
       Flail             |       |       |    53 |    79 ||   132
 Cast: Flame Tongue      |   103 |   112 |   290 |    69 ||   574
       Conjure Flame     |       |    12 |    13 |     3 ||    28
       Inner Flame       |       |       |     3 |       ||     3
       Sticky Flame      |       |       |     2 |     8 ||    10
       Fireball          |       |       |       |    10 ||    10
Invok: Bend Time         |       |       |       |     1 ||     1
       Slouch            |       |       |       |     1 ||     1
 Abil: Breathe Noxious F |       |       |    16 |     5 ||    21
  Use: Scroll            |       |       |       |     9 ||     9
 Stab: Confused          |       |       |     1 |     3 ||     4
  Eat: Chunk             |     4 |     7 |    10 |     2 ||    23
       Fruit             |       |     3 |       |       ||     3
       Pizza             |       |       |       |     3 ||     3
